 Dungeon Crawl Stone Soup version 0.27.1-34-g3ba077fa99 (webtiles) character file.

Game seed: 13967180354372057669

16783 Duder the Basher (level 12, -6/165 HPs)
             Began as a Minotaur Berserker on Jan 5, 2022.
             Was an Elder of Trog.
             Mangled by an orc warrior (9 damage)
             ... on level 2 of the Orcish Mines.
             The game lasted 00:32:31 (12504 turns).

Duder the Basher (Minotaur Berserker)              Turns: 12504, Time: 00:32:32

Health: -6/165     AC: 26    Str: 26    XL:     12   Next: 13%
Magic:  11/11      EV:  2    Int:  4    God:    Trog [****..]
Gold:   883        SH:  8    Dex: 17    Spells: 11/11 levels left

rFire    . . .     SeeInvis .   n - +3 flail (holy)
rCold    . . .     Faith    .   q - +0 kite shield
rNeg     + + +     Spirit   .   (armour currently unavailable)
rPois    +         Reflect  .   (helmet currently unavailable)
rElec    .         Harm     .   (cloak currently unavailable)
rCorr    .         Rampage  .   (gloves currently unavailable)
Will     .....     NoTele   +   (boots currently unavailable)
Stlth    ++........             (no amulet)
HPRegen  0.37/turn              g - +6 ring of dexterity
MPRegen  0.12/turn              H - +4 ring of evasion

@: tree-form, on berserk cooldown, slowed, very slow
A: stationary, stasis, torment immunity, boosted hp, (horns 2), (retaliatory
headbutt)
a: Renounce Religion, Berserk, Trog's Hand, Brothers in Arms


You were on level 2 of the Orcish Mines.
You worshipped Trog.
Trog was greatly pleased with you.
You were a tree.
You visited 2 branches of the dungeon, and saw 11 of its levels.
You also visited: Ossuary.

You collected 1208 gold pieces.
You spent 325 gold pieces at shops.

Inventory:

Hand Weapons
 n - a +3 flail of holy wrath (weapon)
Missiles
 c - 274 stones (quivered)
 e - 110 poisoned darts
 A - 3 boomerangs of dispersal
 I - 4 boomerangs
Armour
 q - a +0 kite shield (worn)
 v - a +1 pair of boots (melded)
 y - a +0 cloak (melded)
 F - a +1 plate armour of willpower (melded)
Jewellery
 g - a +6 ring of dexterity (left branch)
 H - a +4 ring of evasion (right branch)
Wands
 a - a wand of polymorph (8)
 b - a wand of iceblast (14)
 w - a wand of paralysis (18)
Scrolls
 h - 5 scrolls of teleportation
 k - 2 scrolls of blinking
 l - a scroll of fear
 C - 3 scrolls of enchant armour
 E - 2 scrolls of magic mapping
Potions
 d - a potion of attraction
 f - 5 potions of curing
 i - 3 potions of mutation
 m - a potion of might {unknown}
 o - 3 potions of brilliance
 p - 2 potions of resistance
 r - 3 potions of flight
 s - 2 potions of invisibility {unknown}
 t - 2 potions of degeneration {unknown}
 u - a potion of lignification
 z - 2 potions of haste {unknown}
 B - a potion of berserk rage {unknown}
 D - 2 potions of magic {unknown}
 G - a potion of experience {unknown}


   Skills:
 + Level 11.6 Fighting
 - Level 14.0 Maces & Flails
 + Level 11.3 Armour
 + Level 10.4 Dodging


You had 11 spell levels left.
You didn't know any spells.
Your spell library contained the following spells:

 Spells                   Type           Power      Damage    Failure   Level
 Magic Dart               Conj           0%         1d3       99%         1
 Sublimation of Blood     Necr           0%         N/A       99%         2
 Wereblood                Tmut           0%         N/A       99%         2
 Call Canine Familiar     Summ           0%         N/A       100%        3
 Ozocubu's Armour         Ice            0%         N/A       100%        3
 Portal Projectile        Hex/Tloc       0%         N/A       100%        3
 Vampiric Draining        Necr           0%         2d6       100%        3
 Animate Armour           Summ/Erth      0%         N/A       100%        4
 Animate Dead             Necr           0%         N/A       100%        4
 Iskenderun's Mystic Bla  Conj/Tloc      0%         2d3       100%        4
 Leda's Liquefaction      Hex/Erth       0%         N/A       100%        4
 Agony                    Necr           0%         N/A       100%        5
 Blade Hands              Tmut           0%         N/A       100%        5
 Borgnjor's Vile Clutch   Necr/Erth      0%         N/A       100%        5
 Freezing Cloud           Conj/Ice/Air   0%         6-21      100%        5
 Iskenderun's Battlesphe  Conj           0%         2d6       100%        5
 Death Channel            Necr           0%         N/A       100%        6
 Iron Shot                Conj/Erth      0%         9d1       100%        6
 Simulacrum               Ice/Necr       0%         N/A       100%        6
 Ozocubu's Refrigeration  Ice            0%         4d5       100%        7
 Spellforged Servitor     Conj/Summ      0%         N/A       100%        7
 Summon Hydra             Summ           0%         N/A       100%        7
 Polar Vortex             Ice            0%         N/A       100%        9


Dungeon Overview and Level Annotations

Branches:
Dungeon (9/15)             Temple (0/1) D:7             Orc (2/2) D:9
    Elf (0/3) Orc:2       Ossuary (visited)
   Lair: D:8-11

Altars:
Cheibriados
Hepliaklqana
Kikubaaqudgha
Nemelex Xobeh
Okawaru
Ru
Sif Muna
Trog
Xom
Yredelemnul
Lugonu

Shops:
D:1 (   D:2 *   D:5 :   Orc:1 ?   Orc:2 **

Annotations:
D:5 2 runed translucent doors
D:7 2 transporters


Innate Abilities, Weirdness & Mutations

You are a tree.
Your roots penetrate the ground, keeping you stationary.
You cannot be teleported.
You are immune to unholy pain and torment.
Your maximum health is greatly increased.
Your equipment is partially melded.
((You have a pair of horns on your head.))
((You reflexively headbutt those who attack you in melee.))


Message History

The orc priest hits you but does no damage.
The orange demon stings you but does no damage.
You block the orc's attack.
Really quaff the potion of lignification?
You turn into a tree.
Your +0 cloak melds into your body.
Your +1 pair of boots melds into your body.
Your +1 plate armour of willpower melds into your body.
You feel less strong-willed.
Your roots penetrate the ground.
You block the orc warrior's attack.
The orc priest hits you but does no damage.
The orc hits you but does no damage.
The orange demon stings you but does no damage.
The orc priest miscasts a cantrip.
The orc warrior hits you with a +0 war axe!
* * * LOW HITPOINT WARNING * * *
The orc priest hits you but does no damage.
Unknown command.
You closely miss the orc priest.
The orc priest is severely wounded.
The orc hits you but does no damage. The orange demon stings you from afar!
* * * LOW HITPOINT WARNING * * *
The orc warrior hits you with a +0 war axe!
* * * LOW HITPOINT WARNING * * *
The orc priest hits you but does no damage.
The orange demon stings you from afar.
* * * LOW HITPOINT WARNING * * *
The orc hits you but does no damage.
Unknown command.
As you read the scroll of summoning, it crumbles to dust.
Wisps of shadow whirl around you...
Your orc wizard dissolves into shadows!
The orc warrior no longer looks unusually strong.
The orc no longer looks unusually strong.
The orc warrior hits you with a +0 war axe!
* * * LOW HITPOINT WARNING * * *
The orc priest hits you but does no damage.
You block the orc's attack.
The orange demon stings you but does no damage.
The orc warrior hits you with a +0 war axe!
You die...

##.....### ##...##.## ##........#
##........## ## ##........## ##.
##..##.....# ##.. ##oo###..))##
#.oo ##oo###...).## ..#
o..##♣o###..##...###
...o.#.#oo###.###...#..## ##
....o.o4o###...###......# .##
#.#.#.oo###.....##.....## ..##
.....## ......#...##.##. ...##
#.#..# ................. ....##
.....###............#.....
.....###∩.∩###..........#.###...#
......###.###..............#...##


You could see an orange demon, an orc warrior, 2 orc priests, 4 orcs, a friendly
orc warrior (summoned), a friendly orc priest (summoned, wandering) and 2
friendly orcs.

Vanquished Creatures
  A hydra (D:6)
  An ogre mage (Orc:2)
  4 two-headed ogres (Orc:2)
  2 orc knights
  Pikel (D:8)
  An orc sorcerer (Orc:2)
  An ugly thing (D:9)
  A cyclops (Orc:1)
  A hornet (D:6)
  A shadow (D:9)
  A wraith (D:7)
  3 wargs (Orc:1)
  A two-headed ogre zombie (D:9)
  A water moccasin (D:7)
  25 orc warriors
  2 sky beasts
  2 necrophages
  An ice beast (D:6)
  7 ogres
  A phantom (D:9)
  2 bullfrogs
  2 kobold brigands (D:8)
  A wyvern zombie (D:9)
  A gnoll sergeant (D:9)
  2 scorpions
  3 water moccasin zombies
  A water moccasin skeleton (D:6)
  3 troll zombies (D:9)
  11 wights
  3 howler monkeys (D:7)
  2 centaur zombies
  A centaur skeleton (D:4)
  3 hounds
  A gnoll shaman (D:6)
  23 orc priests
  A bullfrog skeleton (D:4)
  A jelly (D:8)
  Terence (D:2)
  An iguana (D:4)
  17 orc wizards
  A killer bee zombie (D:7)
  4 ogre zombies (D:9)
  A hound skeleton (D:4)
  A howler monkey zombie (D:8)
  3 mummies
  Robin (D:4)
  21 gnolls
  5 adders
  2 shadow imps (D:7)
  4 white imps
  An ufetubus (D:4)
  3 adder zombies (Ossuary)
  A worm (D:3)
  A dart slug (D:1)
  67 orcs
  3 bats (D:2)
  A bat zombie (D:9)
  7 endoplasms
  4 giant cockroaches
  7 gnoll zombies (Ossuary)
  19 goblins
  10 hobgoblins
  4 jackals (D:2)
  4 quokkas
  5 ball pythons
  3 frilled lizards
  A goblin zombie (D:9)
  2 hobgoblin skeletons (D:9)
  4 hobgoblin zombies (Ossuary)
  15 kobolds
  4 kobold zombies (Ossuary)
  6 orc skeletons (D:9)
  19 orc zombies
  4 rats (D:2)
  2 rat zombies (D:9)
378 creatures vanquished.

Vanquished Creatures (collateral kills)
  An orc warlord (Orc:1)
  Fannar (Orc:1)
  A two-headed ogre (Orc:1)
  2 orc knights (Orc:2)
  A troll (Orc:1)
  A red devil (Orc:2)
  2 wargs (Orc:1)
  2 orc warriors
  An orc wizard (Orc:2)
  2 orcs (Orc:1)
14 creatures vanquished.

Grand Total: 392 creatures vanquished

Notes
Turn   | Place    | Note
-------+----------+-------------------------------------------
     0 | D:1      | Duder the Minotaur Berserker began the quest for the Orb.
     0 | D:1      | Reached XP level 1. HP: 19/19 MP: 0/0
   108 | D:1      | Reached XP level 2. HP: 27/27 MP: 1/1
   108 | D:1      | Found Gaseb's Weapon Shop.
   115 | D:1      | Reached skill level 4 in Maces & Flails
   816 | D:2      | Reached XP level 3. HP: 32/33 MP: 2/2
   864 | D:2      | Reached ** piety under Trog
   991 | D:2      | Found a faded altar of an unknown god.
  1002 | D:2      | Noticed Terence
  1009 | D:2      | Killed Terence
  1010 | D:2      | Reached XP level 4. HP: 24/40 MP: 3/3
  1441 | D:2      | Found Adoaw's Assorted Antiques.
  1467 | D:2      | Bought a scroll labelled YRUTHR ZOIL for 29 gold pieces
  1467 | D:2      | Bought a scroll labelled HEVIAJ FEMATZU for 29 gold pieces
  1467 | D:2      | Bought a scroll labelled TURUJOIROA for 29 gold pieces
  1631 | D:3      | Found a bloodstained altar of Trog.
  1637 | D:3      | Reached skill level 5 in Maces & Flails
  1704 | D:3      | Found a shimmering blue altar of Sif Muna.
  1708 | D:3      | Got Sif Muna's Almanac of Conjuration
  1903 | D:3      | Reached XP level 5. HP: 33/47 MP: 4/4
  2972 | D:4      | Reached skill level 6 in Maces & Flails
  2972 | D:4      | Reached XP level 6. HP: 55/55 MP: 5/5
  3159 | D:4      | Reached skill level 5 in Fighting
  3304 | D:4      | Noticed Robin
  3309 | D:4      | Reached *** piety under Trog
  3316 | D:4      | Killed Robin
  3527 | D:4      | Found a hazy altar of Hepliaklqana.
  3678 | D:4      | Reached XP level 7. HP: 4/61 MP: 6/6
  3682 | D:4      | Reached skill level 7 in Maces & Flails
  4120 | D:5      | Entered Level 5 of the Dungeon
  4306 | D:5      | Found a runed translucent door.
  4308 | D:5      | Found a runed translucent door.
  4308 | D:5      | Noticed a vampire mosquito
  4642 | D:5      | Found Qisenki's Self-Improvement Boutique.
  4906 | D:5      | Found a sacrificial altar of Ru.
  5056 | D:5      | Reached skill level 5 in Armour
  5488 | D:6      | Noticed a hornet
  5494 | D:6      | Killed a hornet
  5495 | D:6      | Reached skill level 8 in Maces & Flails
  5495 | D:6      | Reached skill level 5 in Dodging
  5495 | D:6      | Reached XP level 8. HP: 57/70 MP: 7/7
  5922 | D:6      | Reached skill level 9 in Maces & Flails
  5991 | D:6      | Found a snail-covered altar of Cheibriados.
  6136 | D:6      | Noticed a four-headed hydra
  6146 | D:6      | Killed a four-headed hydra
  6147 | D:6      | Reached skill level 10 in Maces & Flails
  6147 | D:6      | Reached XP level 9. HP: 21/79 MP: 8/8
  6518 | D:7      | Found a transporter.
  6519 | D:7      | Noticed a brown ugly thing
  6520 | D:7      | Noticed a red ugly thing
  6533 | D:7      | Found a staircase to the Ecumenical Temple.
  6538 | D:7      | Reached **** piety under Trog
  6577 | D:7      | Found a sand-covered staircase.
  6585 | Ossuary  | Entered an ossuary
  6961 | D:7      | Got Raruv's Handbook of Lethal Confrontation
  7127 | D:7      | Found a shimmering altar of Xom.
  7155 | D:7      | Reached skill level 11 in Maces & Flails
  7225 | D:7      | Found a transporter.
  7227 | D:7      | Found a corrupted altar of Lugonu.
  7284 | D:7      | Found an iron altar of Okawaru.
  7331 | D:7      | Found a basalt altar of Yredelemnul.
  7382 | D:7      | Noticed a brown ugly thing
  7632 | D:8      | Noticed Pikel
  7645 | D:8      | Reached XP level 10. HP: 90/90 MP: 9/9
  7646 | D:8      | Killed Pikel
  7726 | D:8      | Found a sparkling altar of Nemelex Xobeh.
  8120 | D:9      | Reached ***** piety under Trog
  8364 | D:9      | Found an ancient bone altar of Kikubaaqudgha.
  8410 | D:9      | Noticed a cyan ugly thing
  8420 | D:9      | Killed a cyan ugly thing
  8883 | D:9      | Reached skill level 12 in Maces & Flails
  8946 | D:9      | Found a staircase to the Orcish Mines.
  9020 | D:9      | Received a gift from Trog
  9182 | Orc:1    | Entered Level 1 of the Orcish Mines
  9204 | Orc:1    | Noticed an orc knight
  9533 | Orc:1    | Killed an orc knight
  9733 | Orc:1    | Noticed Fannar
  9741 | Orc:1    | Killed Fannar
  9742 | Orc:1    | Reached skill level 13 in Maces & Flails
  9742 | Orc:1    | Reached XP level 11. HP: 43/99 MP: 10/10
  9750 | Orc:1    | Noticed a two-headed ogre
  9753 | Orc:1    | Killed a two-headed ogre
  9917 | Orc:1    | Found a dark tunnel.
 10161 | Orc:1    | Noticed an orc warlord
 10166 | Orc:1    | Reached skill level 10 in Fighting
 10178 | Orc:1    | Killed an orc warlord
 10504 | Orc:1    | Reached skill level 10 in Armour
 10649 | Orc:1    | Found Zaehuemp's Magic Scroll Emporium.
 10668 | Orc:1    | Bought a scroll of enchant armour for 105 gold pieces
 10668 | Orc:1    | Bought a scroll of identify for 28 gold pieces
 10668 | Orc:1    | Bought a scroll of enchant armour for 105 gold pieces
 11112 | Orc:2    | Entered Level 2 of the Orcish Mines
 11390 | Orc:2    | Noticed an orc knight
 11390 | Orc:2    | Noticed an orc sorcerer
 11646 | Orc:2    | Noticed a two-headed ogre
 11648 | Orc:2    | Noticed a two-headed ogre
 11652 | Orc:2    | Noticed an orc knight
 11653 | Orc:2    | Noticed a two-headed ogre
 11752 | Orc:2    | Killed an orc knight
 11758 | Orc:2    | Killed an orc sorcerer
 11761 | Orc:2    | Reached skill level 14 in Maces & Flails
 11996 | Orc:2    | Killed an orc knight
 11997 | Orc:2    | Noticed a two-headed ogre
 12001 | Orc:2    | Killed a two-headed ogre
 12088 | Orc:2    | Killed a two-headed ogre
 12091 | Orc:2    | Noticed an ogre mage
 12094 | Orc:2    | Killed a two-headed ogre
 12095 | Orc:2    | Reached skill level 10 in Dodging
 12098 | Orc:2    | Killed a two-headed ogre
 12099 | Orc:2    | Reached XP level 12. HP: 101/110 MP: 11/11
 12106 | Orc:2    | Killed an ogre mage
 12370 | Orc:2    | Found a staircase to the Elven Halls.
 12471 | Orc:2    | Found Qomievuc's General Store.
 12479 | Orc:2    | Found Qonkarph's General Store.
 12504 | Orc:2    | HP: 3/165 [orc warrior (8)]
 12504 | Orc:2    | Mangled by an orc warrior

Illustrated notes

Levels and vault maps discovered:
D:1:      saegor_arrival_simple_a, layout_loops_cross, serial_shops, shop
D:2:      layout_loops_ring, serial_shops, nicolae_square_shop,
          shapermc_ecumenical_altar_mp_vishouse, uniq_terence
D:3:      layout_basic, nzn_overflow_gifts_of_might_and_magic
D:4:      minmay_angry_zag, layout_cave_pools, mainiacjoe_overflow_alcove_2,
          minmay_misc_feat_doors, uniq_robin
D:5:      lemuel_insect_pit, layout_basic, nicolae_ru_path_of_blood,
          roderic_filled_cross, nicolae_shop_self_help
D:6:      layout_basic, overflow_temple_1_default, minmay_misc_feat_tower,
          chequers_serial_rivers_small_a, hangedman_abyss_or_decor_slice,
          amcnicky_mini_rare_corridor_liquid, minmay_liquid_box, st_stairs_6,
          kennysheep_generic_room_10
D:7:      gammafunk_corrupted_shrine, layout_cave_pools, marbit_many_paths,
          mainiacjoe_overflow_catwalk_spiral, minmay_temple_entry_arrows,
          gup_ossuary_entry_pyramid
D:8:      layout_cave_pools, lemuel_tele_altar, chequers_serial_rivers_large_b,
          uniq_pikel
D:9:      layout_long_grid, lemuel_zombie_altar_kikubaaqudgha,
          zombieorc2_lemuel, minmay_misc_feat_room
Orc:1:    layout_caves, serial_shops, nicolae_shop_waterfront,
          nicolae_volcano_entry_hallway, uniq_fannar
Orc:2:    pf_orc_diabolical, layout_caves, gammafunk_ghost_abyssal_escape

Skill      XL: |  1  2  3  4  5  6  7  8  9 10 11 |
---------------+----------------------------------+-----
Maces & Flails | 4 5 6 8 10 11 13 14 | 14.0
Fighting       | 4 5 6 7 8 9 11 | 11.6
Armour         | 3 4 5 7 8 9 11 | 11.3
Dodging        | 3 4 5 6 7 8 10 | 10.4

Action                   |  1- 3 |  4- 6 |  7- 9 | 10-12 || total
-------------------------+-------+-------+-------+-------++-------
Melee: Mace              |    15 |       |       |       ||    15
       Headbutt          |    15 |    17 |    48 |   108 ||   188
       Whip              |    43 |       |       |       ||    43
       Flail             |       |   137 |   235 |   418 ||   790
Throw: Stone             |       |       |       |    41 ||    41
Invok: Berserk           |       |     3 |     4 |    10 ||    17
       Trog's Hand       |       |     2 |     3 |     5 ||    10
       Brothers in Arms  |       |       |       |     6 ||     6
  Use: Scroll            |       |    10 |     6 |     5 ||    21
       Potion            |       |       |       |     3 ||     3
 Stab: Distracted        |       |       |       |     1 ||     1
Armor: Animal skin       |     3 |       |       |       ||     3
       Scale mail        |       |    63 |    16 |       ||    79
       Chain mail        |       |       |   111 |   132 ||   243
       Plate armour      |       |       |       |    31 ||    31
       Skin              |       |       |       |     9 ||     9
Dodge: Dodged            |    37 |    78 |   105 |   174 ||   394
Block: Kite shield       |       |    16 |   105 |   174 ||   295
